 Dungeon Crawl Stone Soup version 0.23.2-11-gf996548 (webtiles) character file.

Game seed: 14775434009272654707

20371 Fortress the Tortoise (level 12, -3/163 HPs)
             Began as a Deep Dwarf Berserker on June 4, 2019.
             Was an Elder of Trog.
             Slain by a komodo dragon (13 damage)
             ... on level 1 of the Lair of Beasts on June 5, 2019.
             The game lasted 01:48:31 (9329 turns).

Fortress the Tortoise (Deep Dwarf Berserker)        Turns: 9329, Time: 01:48:31

Health: -3/163     AC: 27    Str: 28    XL:     12   Next: 44%
Magic:  4/4        EV: 10    Int:  9    God:    Trog [****..]
Gold:   563        SH:  0    Dex: 18    Spells: 11/11 levels left

rFire    . . .     SeeInvis .   L - +4 trident of Jarekuy {flame, rC+ rN+ Dex+4}
rCold    + . .     Gourm    .   (no shield)
rNeg     + . .     Faith    .   F - +0 plate armour
rPois    .         Spirit   .   l - +0 hat
rElec    .         Reflect  .   i - +1 cloak
rCorr    +         Harm     .   O - +2 pair of gloves
MR       +....                  R - +0 pair of boots {run}
Stlth    ..........             (no amulet)
HPRegen  0.00/turn              K - +2 ring of protection
MPRegen  0.09/turn              C - ring of resist corrosion

@: berserking, non-regenerating, very quick
A: damage resistance, heal wounds, sense surroundings 2, no regeneration
a: Heal Wounds, Berserk, Trog's Hand, Brothers in Arms, Renounce Religion


You were on level 1 of the Lair of Beasts.
You worshipped Trog.
Trog was greatly pleased with you.
You were very hungry.

You visited 3 branches of the dungeon, and saw 13 of its levels.
You visited the Abyss 1 time.
You also visited: Ossuary and Bailey.

You collected 827 gold pieces.
You spent 264 gold pieces at shops.

Inventory:

Hand Weapons
 a - a +5 hunting sling of velocity
 y - a +0 mace of protection
 D - a +2 broad axe of freezing
 L - the +4 trident of Jarekuy (weapon) {flame, rC+ rN+ Dex+4}
   (You found it on level 1 of the Lair of Beasts)

   It has been specially enchanted to burn those struck by it, causing extra
   injury to most foes and up to half again as much damage against particularly
   susceptible opponents.
   It affects your dexterity (+4).
   It protects you from cold.
   It protects you from negative energy.
Missiles
 P - 47 tomahawks of returning (quivered)
Armour
 i - a +1 cloak (worn)
 l - a +0 hat (worn)
 F - a +0 plate armour (worn)
 O - a +2 pair of gloves (worn)
 R - a +0 pair of boots of running (worn)
 V - a +1 leather armour of fire resistance
Jewellery
 j - an uncursed ring of ice
 x - an uncursed amulet of regeneration {unknown}
 A - an uncursed amulet of faith
 B - a +1 ring of protection
 C - a ring of resist corrosion (right hand)
 K - a +2 ring of protection (left hand)
Wands
 s - a wand of random effects (11)
 t - a wand of acid (11)
 E - a wand of flame (15)
 T - a wand of iceblast (5)
 W - a wand of enslavement (6)
Scrolls
 d - 2 scrolls of fog
 g - a scroll of identify
 h - 3 scrolls of magic mapping
 k - 3 scrolls of fear
 m - 9 scrolls of teleportation
 r - 7 scrolls of remove curse
 u - a scroll of enchant armour
 G - a scroll of immolation
 H - 2 scrolls of blinking
 I - 3 scrolls of enchant weapon
 J - a scroll of amnesia {unknown}
 M - a scroll of acquirement
 S - a scroll of summoning {unknown}
Potions
 b - 2 potions of flight
 f - 2 potions of might
 o - 5 potions of brilliance
 p - 2 potions of resistance
 q - 2 potions of agility
 v - 2 potions of lignification
 w - a potion of heal wounds
 z - 2 potions of curing
 N - a potion of mutation {unknown}
 Q - a potion of magic
 U - a potion of haste
Miscellaneous
 e - a lightning rod (4/4)
Comestibles
 c - 8 rations
 n - 2 chunks of flesh


   Skills:
 - Level 7.3 Fighting
 - Level 13.0(13.1) Axes
 + Level 0.2(7.1) Polearms
 - Level 15.4 Armour
 - Level 3.2 Dodging
 * Level 5.5 Evocations


You had 11 spell levels left.
You didn't know any spells.
Your spell library was empty.

Dungeon Overview and Level Annotations

Branches:
Dungeon (11/15)            Temple (1/1) D:6            Lair (1/6) D:11
    Orc (0/2) D:10

Altars:
Ashenzari
Cheibriados
Dithmenos
Elyvilon
Fedhas
Gozag
Hepliaklqana
Kikubaaqudgha
Makhleb
Nemelex Xobeh
Okawaru
Qazlal
Ru
Sif Muna
Trog
Uskayaw
Vehumet
Wu Jian
Xom
Yredelemnul
Zin
The Shining One

Shops:
D:4 %**   D:7 (

Annotations:
D:8 2 transporters, Dazliare's ghost, novice DgFi


Innate Abilities, Weirdness & Mutations

You are resistant to damage.
You can heal yourself by infusing magical energy.
You passively map the area around you.
You do not regenerate.


Message History

You completely miss the wolf. The wolf bites you but does no damage.
The blink frog barely misses you.
The blink frog blinks!
The wolf bites you!
* * * LOW HITPOINT WARNING * * *
The wolf barely misses you.
You are too berserk!
You miss the wolf. The wolf closely misses you.
The blink frog hits you but does no damage.
The wolf bites you but does no damage. The wolf bites you.
You miss the wolf. The wolf bites you.
* * * LOW HITPOINT WARNING * * *
The wolf bites you but does no damage. x2; The blink frog blinks!
The komodo dragon closely misses you.
You are too berserk!
You miss the wolf.
The wolf bites you but does no damage. x2
The wolf bites you. The wolf barely misses you.
You puncture the wolf! You burn the wolf.
The wolf is heavily wounded.
The wolf barely misses you. The wolf bites you but does no damage.
The komodo dragon bites you!
You die...

, , * * , .....*
*.#*##* * * .....
.##.# ,* * ,
,....#####...., , ,,
, ,, .F........# ,* *
* * , #.......## *,
** * ***#..t§....#
##..hl...#* *
#..Sh@...# * *
##..h.§..#####.### *
*
.........†..F.......
,,, * **
####.......#######..,
#.(.....## , ,
#........# * ,
#..####.## *, , , **
** * #.#*
#..######... , ..#
##)..........,


You could see a komodo dragon, 2 blink frogs, a water moccasin, a crocodile and
3 wolves.

Vanquished Creatures
  A tentacled starspawn (Abyss:1)
  Gastronok (D:10)
  An orc warlord (Bailey)
  A centaur warrior (D:11)
  Nergalle (D:11)
  A cyclops (D:8)
  Joseph (D:9)
  A spiny frog (Lair:1)
  A gargoyle (D:9)
  2 komodo dragons (Lair:1)
  2 trolls
  2 hornets
  2 blink frogs (Lair:1)
  3 hippogriffs
  The ghost of Temamet the Firebug, an amateur DEFE (D:4)
  9 yaks
  A spriggan (D:7)
  A wraith (D:11)
  A basilisk (Lair:1)
  2 hungry ghosts
  A chaos spawn (Abyss:1)
  2 water moccasins (Lair:1)
  2 porcupines (Lair:1)
  A phantom (D:6)
  5 ice beasts
  4 ogres
  7 orc warriors
  7 centaurs
  4 wolves
  A crocodile (Lair:1)
  3 elf zombies (Ossuary)
  2 big kobolds
  9 bullfrogs
  A gnoll sergeant (D:9)
  5 killer bees (D:9)
  2 electric eels
  3 howler monkeys
  2 centaur zombies
  A quasit (D:9)
  8 hounds
  2 crimson imps
  4 human zombies (Ossuary)
  A bullfrog skeleton (D:11)
  3 iguanas
  8 orc priests
  11 orc wizards
  8 worker ants
  A killer bee zombie (D:8)
  A big kobold zombie (Ossuary)
  A hound skeleton (D:7)
  2 mummies (Ossuary)
  4 gnolls
  9 adders
  A shadow imp (D:8)
  An ooze (D:3)
  An adder zombie (Ossuary)
  2 adder skeletons
  3 worms
  2 dart slugs
  7 leopard geckos
  38 orcs
  3 ball pythons
  17 giant cockroaches
  7 goblins
  6 hobgoblins
  3 jackals
  4 quokkas
  5 bats
  6 frilled lizards
  14 hobgoblin zombies (Ossuary)
  A jackal zombie (Ossuary)
  30 kobolds
  8 kobold zombies (Ossuary)
  4 orc zombies (Ossuary)
  A quokka skeleton (D:9)
  6 rats
  3 starspawn tentacles (Abyss:1)
333 creatures vanquished.

Vanquished Creatures (collateral kills)
  A rakshasa (Abyss:1)
  A centaur warrior (D:11)
  A thrashing horror (Abyss:1)
  Sonja (D:11)
  An apocalypse crab (Abyss:1)
  2 large abominations (Abyss:1)
  An ancient zyme (Abyss:1)
  A yak (D:11)
  A neqoxec (Abyss:1)
  2 starcursed masses (Abyss:1)
  A centaur (D:11)
  An electric eel (D:11)
  A hound (D:11)
  An iron imp (Abyss:1)
16 creatures vanquished.

Vanquished Creatures (others)
  An orc warrior (D:8)
  A centaur (D:7)
  A big kobold (D:8)
  An orc priest (D:8)
  2 fungi (Lair:1)
  A plant (Lair:1)
  4 starspawn tentacles (Abyss:1)
11 creatures vanquished.

Grand Total: 360 creatures vanquished

Notes
Turn   | Place    | Note
-------+----------+-------------------------------------------
     0 | D:1      | Fortress the Deep Dwarf Berserker began the quest for the
                  | Orb.
     0 | D:1      | Reached XP level 1. HP: 20/20 MP: 1/1
   136 | D:1      | Reached XP level 2. HP: 28/28 MP: 2/2
   573 | D:2      | Found a burning altar of Makhleb.
   753 | D:2      | Reached XP level 3. HP: 4/34 MP: 3/3
   775 | D:1      | Reached ** piety under Trog
  1239 | D:2      | Found a glowing silver altar of Zin.
  1239 | D:2      | Noticed an angel
  1280 | D:4      | Found Wer Zawk's General Store.
  1304 | D:4      | Found a sand-covered staircase.
  1310 | Ossuary  | Entered an ossuary
  1343 | Ossuary  | Reached XP level 4. HP: 40/42 MP: 4/4
  1454 | Ossuary  | Reached skill level 5 in Axes
  1454 | Ossuary  | Reached XP level 5. HP: 40/49 MP: 5/5
  1461 | Ossuary  | Reached skill level 3 in Armour
  1468 | Ossuary  | Reached *** piety under Trog
  1468 | Ossuary  | Reached XP level 6. HP: 32/57 MP: 6/6
  2009 | D:3      | Reached XP level 7. HP: 61/64 MP: 6/6
  2479 | D:4      | Bought a scroll of remove curse for 42 gold pieces
  2546 | D:4      | Found an ancient bone altar of Kikubaaqudgha.
  2619 | D:4      | Found a transporter.
  2621 | D:4      | Noticed Temamet's ghost (amateur DEFE)
  2622 | D:4      | Found a transporter.
  2680 | D:4      | Found Wagupryo's Assorted Antiques.
  2690 | D:4      | Bought a grey potion for 26 gold pieces
  2792 | D:4      | Found a deep blue altar of Sif Muna.
  2799 | D:4      | Found an iron altar of Okawaru.
  2802 | D:4      | Found a shattered altar of Ashenzari.
  2894 | D:5      | Entered Level 5 of the Dungeon
  2916 | D:4      | Found Exzicw's Food Emporium.
  2977 | D:4      | Found a burning altar of Makhleb.
  3126 | D:5      | Reached **** piety under Trog
  3183 | D:5      | Reached skill level 4 in Armour
  3949 | D:6      | Found a staircase to the Ecumenical Temple.
  4081 | D:6      | Found an ornate altar of the Wu Jian Council.
  4083 | D:6      | Found a snail-covered altar of Cheibriados.
  4109 | Temple   | Entered the Ecumenical Temple
  4220 | D:6      | Found a shattered altar of Ashenzari.
  4276 | D:6      | Reached XP level 8. HP: 40/73 MP: 6/6
  4367 | D:6      | Found a shadowy altar of Dithmenos.
  4695 | D:7      | Found Vutinnea's Antique Weapon Shop.
  4729 | D:7      | Bought a glowing broad axe for 196 gold pieces
  4797 | D:7      | Reached skill level 5 in Fighting
  4797 | D:7      | Reached skill level 5 in Armour
  5398 | D:7      | Reached skill level 10 in Axes
  5465 | D:7      | Gained mutation: You passively map the area around you.
                  | [Deep Dwarf growth]
  5465 | D:7      | Reached XP level 9. HP: 82/82 MP: 3/3
  5470 | D:7      | Found a hide-covered altar of Uskayaw.
  5644 | D:8      | Reached skill level 6 in Armour
  5668 | D:8      | Found an opulent altar of Gozag.
  5668 | D:8      | Noticed a cyclops
  5706 | D:8      | Killed a cyclops
  5972 | D:8      | Found a transporter.
  5972 | D:8      | Noticed Dazliare's ghost (novice DgFi)
  5978 | D:8      | Noticed a moth of wrath
  6031 | D:8      | Reached skill level 7 in Armour
  6058 | D:8      | Found a transporter.
  6638 | D:4      | Killed Temamet's ghost
  6781 | D:9      | Noticed a gargoyle
  6793 | D:9      | Killed a gargoyle
  6793 | D:9      | Reached XP level 10. HP: 64/92 MP: 4/4
  6809 | D:9      | Found a stormy altar of Qazlal.
  6847 | D:9      | Found a shadowy altar of Dithmenos.
  6856 | D:9      | Noticed Joseph
  6867 | D:9      | Killed Joseph
  6881 | D:9      | Found a flagged portal.
  6897 | Bailey   | Entered a bailey
  6921 | Bailey   | Noticed an orc warlord
  6929 | Bailey   | Reached ***** piety under Trog
  7001 | Bailey   | Found a runed translucent gate.
  7003 | Bailey   | Found a runed translucent gate.
  7006 | Bailey   | Found a runed translucent gate.
  7110 | Bailey   | Killed an orc warlord
  7110 | Bailey   | Reached skill level 8 in Armour
  7376 | D:9      | Found a white marble altar of Elyvilon.
  7501 | D:9      | Reached skill level 9 in Armour
  7515 | D:9      | Reached skill level 10 in Armour
  7525 | D:9      | Identified 2 scrolls of acquirement
  7534 | D:9      | Identified a +0 pair of boots of running (You acquired it
                  | on level 9 of the Dungeon)
  7913 | D:10     | Entered Level 10 of the Dungeon
  7922 | D:10     | Received a gift from Trog
  7922 | D:10     | Reached XP level 11. HP: 59/100 MP: 1/1
  8052 | D:10     | Noticed Gastronok
  8067 | D:10     | Killed Gastronok
  8067 | D:10     | Reached skill level 11 in Armour
  8251 | D:10     | Found a staircase to the Orcish Mines.
  8538 | D:11     | Found a staircase to the Lair.
  8538 | D:11     | Noticed a centaur warrior
  8538 | D:11     | Noticed Nergalle
  8573 | D:10     | Reached skill level 12 in Armour
  8638 | D:11     | Noticed Sonja
  8716 | D:11     | Cast into level 1 of the Abyss (Sonja)
  8732 | Abyss:1  | Noticed a tentacled starspawn
  8750 | Abyss:1  | Killed a tentacled starspawn
  8750 | Abyss:1  | Reached skill level 13 in Armour
  8754 | Abyss:1  | Noticed a thrashing horror
  8778 | Abyss:1  | Noticed a rakshasa
  8784 | Abyss:1  | Killed a thrashing horror
  8787 | Abyss:1  | Killed a rakshasa
  8793 | Abyss:1  | Noticed a starcursed mass
  8798 | Abyss:1  | Killed a starcursed mass
  8814 | Abyss:1  | Reached skill level 14 in Armour
  8818 | D:11     | Escaped the Abyss
  8848 | D:11     | Killed a centaur warrior
  8848 | D:11     | Reached XP level 12. HP: 83/109 MP: 2/2
  8860 | D:11     | Killed Nergalle
  8885 | D:11     | Noticed a centaur warrior
  8903 | D:11     | Killed a centaur warrior
  8903 | D:11     | Reached skill level 15 in Armour
  9034 | D:11     | Killed Sonja
  9101 | Lair:1   | Entered Level 1 of the Lair of Beasts
  9139 | Lair:1   | Reached skill level 1 in Evocations
  9194 | Lair:1   | Reached skill level 5 in Evocations
  9211 | Lair:1   | Got an iridescent trident
  9212 | Lair:1   | Identified the +4 trident of Jarekuy {flame, rC+ rN+ Dex+4}
                  | (You found it on level 1 of the Lair of Beasts)
  9329 | Lair:1   | Slain by a komodo dragon

Skill      XL: |  1  2  3  4  5  6  7  8  9 10 11 12 |
---------------+-------------------------------------+-----
Fighting       | 3 4 5 6 7 |  7.3
Axes           | 4 5 6 8 10 12 13 | 13.0
Dodging        | 3 |  3.2
Armour         | 3 4 5 7 10 14 15 | 15.4
Evocations     | 5 |  5.5
Polearms       | |  0.2

Action                   |  1- 3 |  4- 6 |  7- 9 | 10-12 || total
-------------------------+-------+-------+-------+-------++-------
Melee: Hand axe          |   122 |   160 |    45 |       ||   327
       Battleaxe         |       |       |    71 |       ||    71
       War axe           |       |       |    58 |       ||    58
       Broad axe         |       |       |   201 |   352 ||   553
       Trident           |       |       |       |    21 ||    21
Throw: Tomahawk          |       |       |       |    23 ||    23
Invok: Berserk           |       |     1 |     2 |     9 ||    12
       Trog's Hand       |       |       |     3 |     7 ||    10
       Brothers in Arms  |       |       |       |     6 ||     6
 Abil: Heal Wounds       |     5 |     3 |    12 |    14 ||    34
  Use: Scroll            |     4 |     2 |    16 |     8 ||    30
       Potion            |     2 |       |       |     3 ||     5
 Stab: Sleeping          |     1 |       |       |       ||     1
  Eat: Chunk             |     1 |       |     8 |    14 ||    23
       Ration            |       |     1 |     4 |     4 ||     9
Armor: Animal skin       |    20 |       |       |       ||    20
       Ring mail         |     7 |    44 |       |       ||    51
       Chain mail        |       |    17 |   101 |       ||   118
       Plate armour      |       |       |   110 |   436 ||   546
Dodge: Dodged            |    84 |    90 |   156 |   278 ||   608
